 Dungeon Crawl Stone Soup version 0.20-a0-983-g35de22d (webtiles) character file.

20 M4edhros the Sneak (level 2, -4/13 HPs)
             Began as a Spriggan Enchanter on Apr 10, 2017.
             Slain by a worm (11 damage)
             ... on level 3 of the Dungeon.
             The game lasted 00:01:46 (347 turns).

M4edhros the Sneak (Spriggan Enchanter)              Turns: 347, Time: 00:01:46

Health: -4/13      AC:  2    Str:  4    XL:     2   Next: 58%
Magic:  4/6        EV: 18    Int: 16    God:
Gold:   26         SH:  0    Dex: 16    Spells: 3/6 levels left

rFire    . . .     SeeInvis +   g - +1 dagger (venom)
rCold    . . .     Gourm    .   (shield restricted)
rNeg     . . .     Faith    .   b - +0 robe
rPois    .         Spirit   .   (helmet restricted)
rElec    .         Reflect  .   (no cloak)
rCorr    .         Harm     .   (gloves unavailable)
MR       .....                  (boots unavailable)
Stlth    +++.......             (no amulet)
Regen    0.1/turn               (no ring)
MPRegen  0.1/turn               (no ring)

@: very quick
A: unfitting armour, see invisible, herbivore 3, speed 3, slow metabolism 2
a: no special abilities


You were on level 3 of the Dungeon.
You were not hungry.

You visited 1 branch of the dungeon, and saw 3 of its levels.

You collected 26 gold pieces.

Inventory:

Hand Weapons
 a - a +1 dagger
 g - a +1 dagger of venom (weapon)
Missiles
 f - 3 tomahawks (quivered)
Armour
 b - a +0 robe (worn)
Scrolls
 e - a scroll of enchant armour {unknown}
 h - a scroll of amnesia {unknown}
 i - a scroll of remove curse {unknown}
 k - a scroll of recharging {unknown}
Potions
 j - a potion of flight {unknown}
Books
 c - a book of Maledictions

   Spells                             Type                      Level
   a - Corona                         Hexes                        1
   b - Ensorcelled Hibernation        Hexes/Ice                    2
   c - Confuse                        Hexes                        3
   d - Tukima's Dance                 Hexes                        3
   e - Dazzling Spray                 Conjuration/Hexes            3
Comestibles
 d - a bread ration


   Skills:
 - Level 1.1 Short Blades
 - Level 3.0 Dodging
 * Level 5.8 Stealth
 - Level 2.6 Spellcasting
 * Level 3.8 Hexes


You had 3 spell levels left.
You knew the following spells:

 Your Spells              Type           Power        Failure   Level  Hunger
a - Corona                Hex            ##.....      4%          1    #......
b - Ensorcelled Hibernat  Hex/Ice        #.....       14%         2    ##.....


Dungeon Overview and Level Annotations

Branches:
Dungeon (3/15)

Altars:


Innate Abilities, Weirdness & Mutations

You are very small and have problems with some larger weapons.
You are too small for most types of armour.
You have supernaturally acute eyesight. (SInv)
You are a herbivore.
You cover ground extremely quickly.
You need consume almost no food.


Message History

Press: ? - help, Shift-Dir - straight line, f/p - jackal
Aim: a jackal (softly glowing, chance to defeat MR: 68%)
The jackal is outlined in light.
You hit the jackal.
The jackal is poisoned.
The jackal is heavily wounded.
The jackal closely misses you.
You hit the jackal but do no damage.
The jackal looks as sick as possible!
The jackal is moderately wounded.
You kill the jackal!
You hit the worm.
The worm is poisoned.
The worm is lightly wounded.
The worm misses you.
You barely miss the worm.
The worm is lightly wounded.
The jackal stops glowing.
You hit the worm.
The worm looks as sick as possible!
The worm is heavily wounded.
The worm bites you!
Ouch! That really hurt!
You die...

#.. #.# ### #.# ....#
#.# ......#####.#
s........##.#
#........##.#
+.......hhw@##########
#........###.........#
#........# #.........+
#........# #.........#
#........# #.........#
#........# ######'####
####....# #.# #....
#.# .. ####.########..


You could see a worm and 2 jackals.

Vanquished Creatures
  An adder (D:2)
  2 leopard geckos
  A giant cockroach (D:2)
  2 goblins (D:1)
  A jackal (D:3)
  A bat (D:1)
8 creatures vanquished.

Notes
Turn   | Place    | Note
-------+----------+-------------------------------------------
     0 | D:1      | M4edhros the Spriggan Enchanter began the quest for the Orb.
     0 | D:1      | Reached XP level 1. HP: 9/9 MP: 5/5
   145 | D:1      | Reached skill level 5 in Stealth
   183 | D:2      | Reached XP level 2. HP: 6/13 MP: 6/6
   317 | D:3      | Learned a level 2 spell: Ensorcelled Hibernation
   347 | D:3      | Slain by a worm

Vault maps used:
D:1:      wheals_arrival_linesprint, minmay_statues_item
D:2:      lemuel_coloured_pillars_altar, marbit_many_paths
D:3:      minmay_roachtagon, lemuel_round_altar, first_bread,
          nicolae_dithmenos_through_a_glass_darkly

Skill      XL: |  1 |
---------------+----+-----
Stealth        | 5 |  5.8
Short Blades   | |  1.1
Dodging        | |  3.0
Spellcasting   | |  2.6
Hexes          | |  3.8

Action                   || total
-------------------------++-------
Melee: Dagger            ||    33
 Cast: Corona            ||     4
  Use: Potion            ||     1
 Stab: Sleeping          ||     1
Armor: Robe              ||     3
Dodge: Dodged            ||    22
